 Dungeon Crawl Stone Soup version 0.30-a0-996-ga6910c8ee8 (webtiles) character file.

Game seed: 11861415094741496493

79 jimonade the Grave Robber (level 4, 0/21 HPs)
             Began as a Vine Stalker Necromancer on Apr 4, 2023.
             Succumbed to an adder's poison
             ... on level 3 of the Dungeon.
             The game lasted 00:04:16 (1714 turns).

jimonade the Grave Robber (VSNe)                    Turns: 1714, Time: 00:04:17

Health: 0/21       AC:  2    Str: 13    XL:     4   Next: 38%
Magic:  2/9        EV: 12    Int: 15    God:
Gold:   114        SH:  0    Dex: 14    Spells: 7/8 levels left

rFire   . . .      SeeInvis +    a - +0 war axe
rCold   . . .      Faith    .    p - orb {light}
rNeg    . . .      Spirit   +    h - +0 robe
rPois   .          Reflect  .    (no helmet)
rElec   .          Rampage  .    (no cloak)
rCorr   .                        (no gloves)
Will    .....                    (no boots)
Stlth   +                        (no amulet)
HPRegen 1.03/turn                d - ring of see invisible
MPRegen 0.11/turn                (no ring)

@: lethally poisoned (0 -> -2), glowing
A: fangs 2, regeneration 1, magic shield, antimagic bite, no potion heal 2
a: no special abilities


You were on level 3 of the Dungeon.
You visited 1 branch of the dungeon, and saw 3 of its levels.

You collected 114 gold pieces.

Inventory:

Hand Weapons
 a - a +0 war axe (weapon)
 e - a +0 hand axe
 j - a +0 mace
 q - a +0 trident
Missiles
 g - 8 poisoned darts
Armour
 f - a +0 leather armour
 h - a +0 robe (worn)
 p - an orb of light (worn)
Jewellery
 d - a ring of see invisible (left hand)
Scrolls
 c - 2 scrolls of blinking {unknown}
 i - 2 scrolls of noise {unknown}
 k - a scroll of teleportation {unknown}
 n - 2 scrolls of immolation {unknown}
 o - 3 scrolls of identify {unknown}
Potions
 b - 2 potions of magic
 l - a potion of lignification {unknown}
 m - 2 potions of curing {unknown}


   Skills:
 + Level 0.4 Fighting
 + Level 1.0 Axes
 + Level 1.7 Dodging
 + Level 2.5 Stealth
 + Level 2.9 Spellcasting
 + Level 4.9 Necromancy


You had 7 spell levels left.
You knew the following spells:

 Your Spells              Type           Power      Damage    Failure   Level
a - Necrotise             Necr           68%        1d7       2%          1

Your spell library contained the following spells:

 Spells                   Type           Power      Damage    Failure   Level
 Vampiric Draining        Necr           17%        2d7       8%          3
 Animate Dead             Necr           17%        N/A       26%         4
 Hailstorm                Conj/Ice       2%         3d3       52%         3
 Summon Guardian Golem    Hex/Summ       2%         N/A       52%         3
 Agony                    Necr           17%        N/A       58%         5
 Ice Form                 Ice/Tmut       2%         N/A       90%         4
 Simulacrum               Ice/Necr       4%         N/A       100%        6
 Orb of Destruction       Conj           1%         9d5       100%        7
 Spellforged Servitor     Conj/Summ      1%         N/A       100%        7


Dungeon Overview and Level Annotations

Branches:
Dungeon (3/15)

Altars:


Innate Abilities, Weirdness & Mutations

You have extremely sharp teeth.
Your natural rate of healing is unusually fast.
When hurt, damage is shared between your health and your magic reserves.
Your bite disrupts and absorbs the magic of your enemies.
Potions cannot restore your health.


Message History

You feel sick.
You feel sick.
You feel sick.
You are no longer poisoned.
HP restored.
Things that are here:
a +0 club; a goblin corpse; an adder corpse
Found a trident.
You see here a +0 trident.
q - a +0 trident An adder, an orc priest and an orc come into view.
The orc shouts!
You hear a shout! x2
The orc barely resists.
The orc priest shouts!
You hear a shout!
An orc comes into view. It is wielding a +0 morningstar.
The orc priest invokes the aid of Beogh against you.
Beogh smites you!
Ouch! That really hurt!
You are too injured to fight recklessly!
You hit the orc. You bite the orc, but do no damage.
The orc is severely wounded.
The orc hits you with a +0 mace. x2
* * * LOW HITPOINT WARNING * * *
You hit the orc.
You kill the orc!
The adder closely misses you.
You closely miss the adder. You bite the adder, but do no damage.
The adder bites you.
* * * LOW HITPOINT WARNING * * *
You are poisoned.
The adder poisons you! The adder bites you.
* * * LOW HITPOINT WARNING * * *
You are lethally poisoned!
The adder poisons you!
You hit the adder but do no damage.
* * * LOW HITPOINT WARNING * * *
You feel very sick. The adder closely misses you.
You closely miss the adder. You bite the adder, but do no damage.
You die...

#.# ###.#
######
#...#
......
#.###
....##
#.# ##
#.# #.#
#.# #@#
#S#
#oo...o#
####..o..
#S.. ..


You could see an orc priest, an adder and an orc.

Vanquished Creatures
  An adder (D:3)
  2 worms (D:2)
  4 dart slugs (D:1)
  2 orcs (D:3)
  7 bats
  4 endoplasms
  A giant cockroach (D:3)
  8 goblins
  3 hobgoblins
  2 jackals (D:2)
  A quokka (D:1)
  4 ball pythons
  A frilled lizard (D:1)
  4 kobolds
  2 rats
46 creatures vanquished.

Vanquished Creatures (collateral kills)
  2 bats (D:1)
  An endoplasm (D:1)
  2 ball pythons
  A frilled lizard (D:1)
6 creatures vanquished.

Grand Total: 52 creatures vanquished

Notes
Turn   | Place    | Note
-------+----------+-------------------------------------------
     0 | D:1      | jimonade the Vine Stalker Necromancer began the quest for
                  | the Orb.
     0 | D:1      | Reached XP level 1. HP: 9/9 MP: 4/4
   104 | D:1      | Reached XP level 2. HP: 11/13 MP: 4/6
   176 | D:1      | Reached XP level 3. HP: 16/16 MP: 7/7
  1195 | D:2      | Gained mutation: Your natural rate of healing is unusually
                  | fast. [Vine Stalker growth]
  1195 | D:2      | Reached XP level 4. HP: 21/21 MP: 4/9
  1672 | D:3      | Reached skill level 1 in Axes
  1714 | D:3      | Succumbed to an adder's poison

Illustrated notes

Levels and vault maps discovered:
D:1:      dpeg_arrival_triangle_fractal, layout_rooms
D:2:      layout_basic
D:3:      layout_loops_ring

Skill      XL: |  1  2  3  4 |
---------------+-------------+-----
Axes           | 1 |  1.0
Fighting       | |  0.4
Dodging        | |  1.7
Stealth        | |  2.5
Spellcasting   | |  2.9
Necromancy     | |  4.9

Action                     |  1- 3 |  4- 6 || total
---------------------------+-------+-------++-------
  Melee: Hand axe          |    12 |       ||    12
         Bite              |     8 |     6 ||    14
         War axe           |    12 |    13 ||    25
   Cast: Necrotise         |    43 |    12 ||    55
   Stab: Distracted        |       |     1 ||     1
 Armour: Robe              |     5 |     2 ||     7
  Dodge: Dodged            |    16 |     8 ||    24

Table legend: (Time is in decaauts)
 A = Elapsed time spent in this place.
 B = Non-inter-level travel time spent in this place.
 C = Inter-level travel time spent in this place.
 D = Time resting spent in this place.
 E = Time spent auto-exploring this place.
 F = Levels seen in this place.
 G = Mean time per level.
                   A        B        C        D        E       F      G
               +--------+--------+--------+--------+--------+-----+--------+
         Total |   1727 |   1617 |    110 |      0 |   1114 |   3 |  575.7 |
       Dungeon |   1727 |   1617 |    110 |      0 |   1114 |   3 |  575.7 |
               +--------+--------+--------+--------+--------+-----+--------+

Top non-repeatable levels by time:
     D:2: 822 daAuts
     D:1: 773 daAuts
     D:3: 131 daAuts
